 Seeded DCSS version 0.29.0-5-ge4962eb29e (webtiles) character file.

Game seed: 6902743127201801911 (custom seed)

13 0HN0ES the Insei (level 2, 23/23 HPs)
             Began as a Gnoll Transmuter on Aug 29, 2022.
             Quit the game on level 1 of the Dungeon.
             The game lasted 00:01:24 (318 turns).

0HN0ES the Insei (Gnoll Transmuter)                  Turns: 318, Time: 00:01:25

Health: 23/23      AC:  2    Str:  9    XL:     2   Next: 37%
Magic:  7/7        EV: 13    Int: 12    God:
Gold:   35         SH:  0    Dex: 12    Spells: 9/10 levels left

rFire   . . .      SeeInvis .     - Unarmed
rCold   . . .      Faith    .   (no shield)
rNeg    . . .      Spirit   .   a - +0 robe
rPois   .          Reflect  .   (no helmet)
rElec   .          Harm     .   (no cloak)
rCorr   .          Rampage  .   (no gloves)
Will    .....                   (no boots)
Stlth   +.........              (no amulet)
HPRegen 0.07/turn               (no ring)
MPRegen 0.10/turn               (no ring)

@: no status effects
A: fangs 1, strong nose, distributed training
a: no special abilities


You were on level 1 of the Dungeon.
You visited 1 branch of the dungeon, and saw 1 of its levels.

You collected 35 gold pieces.

Inventory:

Armour
 a - a +0 robe (worn)
Scrolls
 c - a scroll of identify {unknown}
 d - a scroll of vulnerability {unknown}
 e - a scroll of acquirement
Potions
 b - a potion of lignification


   Skills:
 + Level 2.5 Fighting
 + Level 0.4 Short Blades
 + Level 0.4 Long Blades
 + Level 0.4 Axes
 + Level 0.4 Maces & Flails
 + Level 0.4 Polearms
 + Level 0.4 Staves
 + Level 0.4 Ranged Weapons
 + Level 0.4 Throwing
 + Level 0.4 Armour
 + Level 4.5 Dodging
 + Level 0.4 Stealth
 + Level 0.4 Shields
 + Level 6.5 Unarmed Combat
 + Level 4.9 Spellcasting
 + Level 0.2 Conjurations
 + Level 0.2 Hexes
 + Level 0.2 Summonings
 + Level 0.2 Necromancy
 + Level 0.2 Translocations
 + Level 3.7 Transmutations
 + Level 0.2 Fire Magic
 + Level 0.2 Ice Magic
 + Level 0.2 Air Magic
 + Level 0.2 Earth Magic
 + Level 0.2 Poison Magic
 + Level 0.5 Invocations
 + Level 0.4 Evocations


You had 9 spell levels left.
You knew the following spells:

 Your Spells              Type           Power      Damage    Failure   Level
z - Beastly Appendage     Tmut           22%        N/A       4%          1

Your spell library contained the following spells:

 Spells                   Type           Power      Damage    Failure   Level
 Wereblood                Tmut           11%        N/A       7%          2
 Apportation              Tloc           6%         N/A       19%         1
 Spider Form              Tmut/Pois      7%         N/A       26%         3
 Ice Form                 Ice/Tmut       7%         N/A       65%         4
 Alistair's Intoxication  Tmut/Pois      4%         N/A       94%         5


Dungeon Overview and Level Annotations

Branches:
Dungeon (1/15)

Altars:


Innate Abilities, Weirdness & Mutations

You have very sharp teeth.
Your uncanny sense of smell can sniff out nearby items.
Your experience applies equally to all skills.


Message History

Magic restored.
You start resting.
HP restored.
A kobold, a goblin and a ball python come into view.
The kobold shouts!
A ball python comes into view.
The ball python hisses angrily.
The ball python hisses angrily.
Casting: Beastly Appendage (safe; 4% risk of failure)
Confirm with . or Enter, or press ? or * to list all spells.
You grow a pair of large bovine horns.
Your feet morph into talons.
You hit the goblin.
You kill the goblin!
Things that are here:
a +0 club; a goblin corpse You punch the ball python!
You kill the ball python!
You hit the ball python.
You kill the ball python!
You closely miss the kobold. Your kick misses the kobold.
You headbutt the kobold.
The kobold is heavily wounded.
The kobold hits you with a +0 short sword.
You hit the kobold.
You kill the kobold!
Items here: )) †††.
Found a scroll labelled PARIOFUXAT and a scroll labelled RIB BIURYMA. 2 rats come into view.
Your transformation is almost over.
You hit the rat.
You kill the rat!
You hit the rat.
You kill the rat!
Your horns disappear.
Your talons disappear.
d - a scroll labelled PARIOFUXAT
e - a scroll labelled RIB BIURYMA This is a scroll of acquirement!
Unknown command.
Unknown command.
Are you sure you want to abandon this character and quit the game? (Confirm with "yes".)

#).# #......
###..######...#
#.......).....######
..#...###...†......#
.$#.#..##..........#
#......##..........#
#.)....##..........#
#....#.##..........#
#....#.##.......@..#
.....#.##..........#
#..........#
############


There were no monsters in sight!

Vanquished Creatures
  2 ball pythons (D:1)
  2 goblins (D:1)
  3 hobgoblins (D:1)
  A kobold (D:1)
  A quokka (D:1)
  2 rats (D:1)
11 creatures vanquished.

Notes
Turn   | Place    | Note
-------+----------+-------------------------------------------
     0 | D:1      | 0HN0ES the Gnoll Transmuter began the quest for the Orb.
     0 | D:1      | Reached XP level 1. HP: 17/17 MP: 6/6
   204 | D:1      | Reached XP level 2. HP: 17/23 MP: 5/7
   318 | D:1      | Identified a scroll of acquirement
   318 | D:1      | Quit the game

Illustrated notes

Levels and vault maps discovered:
D:1:      ncdulo_halloftheorcs, layout_rooms, minmay_misc_feat_more_columns,
          st_stairs_12, nicolae_grassy_gnolls

Action                   || total
-------------------------++-------
Melee: Unarmed           ||    22
       Kick              ||     3
       Headbutt          ||     2
       Punch             ||     1
       Bite              ||     1
 Cast: Beastly Appendage ||     4
Dodge: Dodged            ||     7
